 Dungeon Crawl Stone Soup version 0.25.1-2-g60ff931df9 (webtiles) character file.

Game seed: 15505236483690283263

792 KamiKatze the Conjurer (level 7, 0/40 HPs)
             Began as a Deep Elf Conjurer on Nov 17, 2020.
             Slain by Pikel
             ... wielding a +2 whip of freezing
              (2 damage)
             ... on level 5 of the Dungeon.
             The game lasted 00:23:14 (3909 turns).

KamiKatze the Conjurer (Deep Elf Conjurer)          Turns: 3909, Time: 00:23:15

Health: 0/40       AC:  8    Str:  5    XL:     7   Next: 57%
Magic:  0/18       EV: 13    Int: 22    God:
Gold:   341        SH:  0    Dex: 15    Spells: 7/18 levels left

rFire    + . .     SeeInvis .   e - +0 dagger
rCold    . . .     Gourm    .   (no shield)
rNeg     . . .     Faith    .   a - +0 robe
rPois    .         Spirit   .   (no helmet)
rElec    .         Reflect  .   (no cloak)
rCorr    .         Harm     .   m - +0 pair of gloves
MR       .....                  p - +0 pair of boots (curse)
Stlth    ++........             (no amulet)
HPRegen  0.13/turn              l - ring of protection from fire
MPRegen  0.16/turn              n - +4 ring of protection

@: very slightly contaminated
A: no striking features
a: no special abilities


You were on level 5 of the Dungeon.
You were not hungry.

You visited 1 branch of the dungeon, and saw 5 of its levels.

You collected 341 gold pieces.

Inventory:

Hand Weapons
 e - a +0 dagger (weapon)
Missiles
 r - 34 poisoned darts (quivered)
Armour
 a - a +0 robe (worn)
 m - a +0 pair of gloves (worn)
 p - a cursed +0 pair of boots (worn)
Jewellery
 l - a ring of protection from fire (left hand)
 n - a +4 ring of protection (right hand)
 t - an uncursed ring of magical power {unknown}
Scrolls
 b - a scroll of remove curse {unknown}
 f - 9 scrolls of identify {unknown}
 h - 2 scrolls of teleportation {unknown}
 j - 3 scrolls of fear {unknown}
 q - a scroll of random uselessness {unknown}
 s - 2 scrolls of amnesia {unknown}
 w - a scroll of magic mapping {unknown}
Potions
 d - a potion of brilliance {unknown}
 g - 3 potions of heal wounds {unknown}
 i - 2 potions of curing {unknown}
 k - a potion of magic {unknown}
 o - 3 potions of berserk rage {unknown}
 v - a potion of invisibility {unknown}
Comestibles
 c - 13 rations
 u - a chunk of flesh


   Skills:
 + Level 2.3 Fighting
 - Level 2.4 Dodging
 - Level 2.4 Stealth
 * Level 6.3 Spellcasting
 * Level 6.4 Conjurations
 * Level 4.5 Hexes
 * Level 3.4 Translocations


You had 7 spell levels left.
You knew the following spells:

 Your Spells              Type           Power        Failure   Level  Hunger
a - Magic Dart            Conj           ####         1%          1    None
b - Searing Ray           Conj           #####.       1%          2    None
c - Fulminant Prism       Conj/Hex       ####......   10%         4    ###....
d - Iskenderun's Mystic   Conj/Tloc      ####....     12%         4    ###....

Your spell library contained the following spells:

 Spells                   Type           Power        Failure   Level  Hunger
 Dazzling Flash           Conj/Hex       ####..       2%          3    #......
 Portal Projectile        Hex/Tloc       ###...       5%          3    #......
 Gell's Gravitas          Tloc           ###.......   6%          3    #......
 Dispersal                Tloc           ###.......   97%         6    ######.
 Controlled Blink         Tloc           N/A          100%        8    #######
 Disjunction              Tloc           ###.......   100%        8    #######


Dungeon Overview and Level Annotations

Branches:
Dungeon (5/15)             Temple (0/1) D:4

Altars:
Ashenzari
Okawaru
Qazlal

Annotations:
D:5 Pikel


Message History

Press: ? - help, Shift-Dir - straight line, f/p - Pikel
Aim: Pikel, wielding a +2 whip of freezing, wearing a +0 robe and carrying a wand of iceblast (1) (heavily wounded)
The searing ray misses Pikel. (Press . to maintain the ray.) Pikel hits you with a +2 whip of freezing!
* * * LOW HITPOINT WARNING * * *
Pikel freezes you.
* * * LOW HITPOINT WARNING * * *
The searing ray misses Pikel.
Pikel misses you.
The searing ray hits Pikel.
Pikel is heavily wounded.
Pikel hits you with a +2 whip of freezing.
* * * LOW HITPOINT WARNING * * *
Pikel freezes you.
* * * LOW HITPOINT WARNING * * *
The searing ray hits Pikel!
Pikel is almost dead.
You finish channeling your searing ray.
Pikel hits you with a +2 whip of freezing.
You die...

###..#....#.#
.
#<...#....#.#
#.##......#.#
#.##......#.#
##.........#.#
#..##......#.#
##.##.#....#.#
#.##.#..###K#
#....##.# #@#
#######.# #.#
#.###.# ######
#..##.# #....#
##.##.# #....#
#.##.# #...(##
#....# #.....#
#....# #.....#
#....# #.....#


You could see Pikel.

Vanquished Creatures
  Prince Ribbit (D:5)
  An ogre (D:5)
  3 wights (D:4)
  A crimson imp (D:5)
  A hound (D:5)
  An orc priest (D:3)
  An orc wizard (D:3)
  4 worker ants
  4 adders
  2 oozes
  A worm (D:4)
  2 dart slugs (D:1)
  3 leopard geckos
  10 orcs (D:3)
  10 bats
  6 giant cockroaches
  12 goblins
  8 hobgoblins
  10 jackals
  8 kobolds
  A quokka (D:3)
  3 ball pythons
  3 frilled lizards
  6 rats
102 creatures vanquished.

Notes
Turn   | Place    | Note
-------+----------+-------------------------------------------
     0 | D:1      | KamiKatze the Deep Elf Conjurer began the quest for the
                  | Orb.
     0 | D:1      | Reached XP level 1. HP: 10/10 MP: 6/6
   209 | D:1      | Reached XP level 2. HP: 16/16 MP: 2/8
   252 | D:1      | Learned a level 2 spell: Searing Ray
   584 | D:1      | Reached XP level 3. HP: 17/20 MP: 7/10
   919 | D:2      | Found a stormy altar of Qazlal.
   921 | D:2      | Noticed an air elemental
   922 | D:2      | Noticed a fire elemental
   922 | D:2      | Noticed a water elemental
   922 | D:2      | Noticed an earth elemental
   948 | D:2      | Reached skill level 1 in Fighting
   948 | D:2      | Reached skill level 5 in Conjurations
  1237 | D:2      | Reached XP level 4. HP: 25/25 MP: 8/12
  1255 | D:2      | Learned a level 4 spell: Fulminant Prism
  1260 | D:2      | Learned a level 4 spell: Iskenderun's Mystic Blast
  1831 | D:3      | Reached skill level 1 in Hexes
  1831 | D:3      | Reached skill level 1 in Translocations
  1831 | D:3      | Reached XP level 5. HP: 29/29 MP: 9/14
  2050 | D:3      | Found a shattered altar of Ashenzari.
  2308 | D:3      | Found a faded altar of an unknown god.
  2673 | D:4      | Found a staircase to the Ecumenical Temple.
  2718 | D:4      | Reached skill level 5 in Spellcasting
  2785 | D:4      | Reached XP level 6. HP: 24/35 MP: 11/15
  3131 | D:4      | Found an iron altar of Okawaru.
  3534 | D:5      | Entered Level 5 of the Dungeon
  3564 | D:5      | Noticed Pikel
  3564 | D:5      | Noticed a slave
  3565 | D:5      | Noticed a slave
  3565 | D:5      | Noticed a slave
  3598 | D:5      | Noticed Prince Ribbit
  3609 | D:5      | Reached XP level 7. HP: 40/40 MP: 12/17
  3656 | D:5      | Killed Prince Ribbit
  3908 | D:5      | HP: 2/40 [Pikel/+2 whip of freezing (1)]
  3909 | D:5      | Slain by Pikel

Illustrated notes

Levels and vault maps discovered:
D:1:      lightli_arrival_statuegarden, layout_loops_cross
D:2:      layout_basic, nicolae_qazlal_style_of_elements, first_ration,
          minmay_pentomino_v4
D:3:      layout_basic, cheibrodos_ashenzari_chains,
          chequers_ecumenical_altar_grove
D:4:      cheibrodos_greedy_goblins, layout_basic, kennysheep_mini_moat,
          minmay_temple_entry_from_below_b, minmay_fractal_squares_gapless_5
D:5:      layout_basic, serial_shops, kennysheep_little_box,
          kennysheep_generic_room_9, uniq_prince_ribbit1, uniq_pikel

Skill      XL: |  1  2  3  4  5  6  7 |
---------------+----------------------+-----
Spellcasting   | 4 5 6 |  6.3
Fighting       | 1 2 |  2.3
Conjurations   | 5 6 |  6.4
Hexes          | 1 2 3 4 |  4.5
Translocations | 1 2 3 |  3.4
Dodging        | |  2.4
Stealth        | |  2.4

Action                   |  1- 3 |  4- 6 |  7- 9 || total
-------------------------+-------+-------+-------++-------
Melee: Dagger            |    43 |    10 |       ||    53
 Cast: Magic Dart        |    70 |    74 |     7 ||   151
       Searing Ray       |     2 |    23 |     6 ||    31
  Eat: Chunk             |     1 |     7 |     1 ||     9
Armor: Robe              |    10 |     3 |     3 ||    16
Dodge: Dodged            |    48 |    22 |     5 ||    75
